General information
- name: BNet
- type: Ladder team game (AT/RT)
- host: Battle.net
- saver: Vali
map: GolemsInTheMist
- players: 8
- length: 1326:52
- speed: Fast
- version: 1.26 W3XP
- replay type: Public
» download(1864 KB)
Players
team 1 (loser)
guardian0fLight (
red | 30 APM | 3553 actions | 119:07)
9 Blood Mage
3 Flame Strike
3 Banish
1 Summon Phoenix
2 Siphon Mana
» actions
| Assign group hotkey | 57 | |
| Basic commands | 171 | |
| Build / train | 120 | |
| Enter build submenu | 30 | |
| Enter hero's abilities submenu | 9 | |
| Give item / drop item | 3 | |
| Right click | 1375 | |
| Select / deselect | 579 | |
| Select group hotkey | 1046 | |
| Use ability | 163 | |
3553 total
» units
| Peasant | 18 | |
| Footman | 3 | |
| Goblin Shredder | 3 | |
| Gryphon Rider | 14 | |
| Goblin Sapper | 7 | |
| Goblin Zeppelin | 25 | |
| Dragonhawk Rider | 6 | |
76 total
» upgrades
| Masonry | 3 | |
| Animal War Training | 1 | |
| Swords | 2 | |
| Armor | 2 | |
| Cloud | 1 | |
| Storm Hammers | 1 | |
10 total
» buildings
| Altar of Kings | 1 | |
| Barracks | 1 | |
| Farm | 12 | |
| Scout Tower | 22 | |
| Arcane Tower | 2 | |
| Lumber Mill | 1 | |
| Town Hall | 6 | |
| Keep | 2 | |
| Arcane Vault | 2 | |
| Guard Tower | 8 | |
| Castle | 3 | |
| Gryphon Aviary | 4 | |
| Blacksmith | 1 | |
65 total
» build order
00:06 Altar of Kings
00:20 Barracks
00:36 Farm
00:50 Farm
01:27 Scout Tower
01:40 Farm
02:04 Arcane Tower
02:33 Lumber Mill
02:35 Scout Tower
03:07 Arcane Tower
03:28 Farm
04:16 Town Hall
04:18 Scout Tower
04:18 Scout Tower
04:19 Scout Tower
04:20 Scout Tower
04:21 Scout Tower
04:21 Scout Tower
05:27 Keep
05:43 Arcane Vault
05:56 Scout Tower
05:56 Scout Tower
05:57 Scout Tower
05:59 Scout Tower
05:59 Scout Tower
06:39 Guard Tower
06:50 Guard Tower
06:57 Guard Tower
06:57 Guard Tower
07:17 Scout Tower
07:17 Scout Tower
07:18 Scout Tower
07:19 Scout Tower
07:20 Scout Tower
07:20 Scout Tower
07:38 Guard Tower
07:53 Castle
07:53 Castle
07:58 Guard Tower
08:09 Farm
08:27 Gryphon Aviary
09:16 Gryphon Aviary
09:17 Gryphon Aviary
09:48 Blacksmith
10:42 Farm
10:42 Farm
10:42 Farm
10:43 Farm
11:35 Farm
11:36 Farm
11:36 Farm
12:28 Gryphon Aviary
12:55 Town Hall
16:14 Keep
22:14 Town Hall
22:20 Town Hall
26:06 Town Hall
27:52 Town Hall
27:55 Arcane Vault
29:31 Castle
61:20 Scout Tower
61:20 Scout Tower
61:21 Scout Tower
61:53 Guard Tower
62:37 Guard Tower
» items
| Lesser Clarity Potion | 2 | |
| Scroll of Town Portal | 2 | |
| Scroll of Regeneration | 2 | |
6 total
rapenschpiell_u (
yellow | 13 APM | 1319 actions | 105:15)
5 Death Knight
2 Death Coil
2 Unholy Aura
1 Death Pact
» actions
| Assign group hotkey | 8 | |
| Basic commands | 3 | |
| Build / train | 64 | |
| Enter build submenu | 11 | |
| Enter hero's abilities submenu | 5 | |
| Remove unit from queue | 1 | |
| Right click | 965 | |
| Select / deselect | 208 | |
| Select group hotkey | 25 | |
| Use ability | 29 | |
1319 total
» units
| Acolyte | 8 | |
| Ghoul | 2 | |
| Crypt Fiend | 10 | |
| Gargoyle | 11 | |
| Goblin Zeppelin | 3 | |
34 total
» upgrades
| Creature Attack | 2 | |
| Creature Carapace | 2 | |
| Web | 1 | |
| Cannibalize | 1 | |
6 total
» buildings
| Graveyard | 1 | |
| Crypt | 1 | |
| Ziggurat | 5 | |
| Altar of Darkness | 1 | |
| Spirit Tower | 6 | |
| Halls of the Dead | 6 | |
| Nerubian Tower | 1 | |
| Black Citadel | 1 | |
22 total
» build order
00:24 Graveyard
00:36 Crypt
00:47 Ziggurat
01:10 Altar of Darkness
01:26 Ziggurat
02:36 Ziggurat
03:33 Spirit Tower
04:10 Halls of the Dead
04:10 Halls of the Dead
04:11 Halls of the Dead
04:11 Halls of the Dead
04:11 Halls of the Dead
07:02 Ziggurat
07:07 Ziggurat
07:07 Spirit Tower
07:08 Spirit Tower
07:20 Nerubian Tower
08:52 Spirit Tower
08:52 Spirit Tower
11:01 Black Citadel
21:11 Spirit Tower
1_Eye_jack (
green | 1 APM | 1296 actions | 1178:54)
4 Mountain King
2 Storm Bolt
2 Bash
» actions
| Basic commands | 55 | |
| Build / train | 65 | |
| ESC pressed | 1 | |
| Enter build submenu | 11 | |
| Enter hero's abilities submenu | 4 | |
| Right click | 665 | |
| Select / deselect | 449 | |
| Use ability | 46 | |
1296 total
» units
| Peasant | 11 | |
| Mortar Team | 18 | |
| Flying Machine | 9 | |
| Goblin Zeppelin | 1 | |
39 total
» upgrades
| Lumber Harvesting | 1 | |
| Gunpowder | 2 | |
| Armor | 1 | |
| Flak Cannons | 1 | |
| Moon Armor | 1 | |
| Ultravision | 1 | |
| Strength of the Moon | 1 | |
8 total
» buildings
| Keep | 2 | |
| Altar of Kings | 1 | |
| Farm | 11 | |
| Blacksmith | 1 | |
| Lumber Mill | 1 | |
| Arcane Vault | 1 | |
| Workshop | 3 | |
| Castle | 1 | |
21 total
» build order
01:56 Keep
01:56 Keep
02:03 Altar of Kings
02:27 Farm
02:46 Blacksmith
02:54 Lumber Mill
03:00 Arcane Vault
03:03 Farm
03:03 Farm
03:05 Farm
04:34 Workshop
04:35 Workshop
05:30 Workshop
05:49 Farm
05:50 Farm
05:50 Farm
05:51 Farm
05:53 Farm
11:10 Castle
11:12 Farm
11:15 Farm

»
CptCapone (
pink | 12 APM | 1329 actions | 114:32)
4 Warden
2 Fan of Knives
2 Shadow Strike
3 Priestess of the Moon
2 Trueshot Aura
1 Searing Arrows
» actions
| Assign group hotkey | 14 | |
| Basic commands | 7 | |
| Build / train | 60 | |
| Enter build submenu | 17 | |
| Enter hero's abilities submenu | 7 | |
| Give item / drop item | 1 | |
| Remove unit from queue | 1 | |
| Right click | 697 | |
| Select / deselect | 202 | |
| Select group hotkey | 288 | |
| Use ability | 35 | |
1329 total
» units
| Wisp | 11 | |
| Archer | 2 | |
| Huntress | 2 | |
| Goblin Shredder | 1 | |
| Chimaera | 11 | |
| Druid of the Talon | 2 | |
| Hippogryph | 11 | |
40 total
» upgrades
| Strength of the Wild | 2 | |
| Druid of the Talon Training | 2 | |
| Reinforced Hides | 1 | |
| Corrosive Breath | 1 | |
| Moon Armor | 0 | |
6 total
» buildings
| Altar of Elders | 1 | |
| Moon Well | 6 | |
| Ancient of War | 1 | |
| Ancient of Wonders | 1 | |
| Tree of Ages | 2 | |
| Hunter's Hall | 1 | |
| Ancient Protector | 1 | |
| Tree of Eternity | 1 | |
| Ancient of Wind | 1 | |
| Chimaera Roost | 2 | |
17 total
» build order
00:15 Altar of Elders
00:17 Moon Well
00:52 Ancient of War
01:43 Ancient of Wonders
02:43 Tree of Ages
02:43 Tree of Ages
03:01 Moon Well
03:32 Hunter's Hall
04:00 Moon Well
05:01 Ancient Protector
06:49 Tree of Eternity
07:27 Ancient of Wind
07:35 Moon Well
08:45 Moon Well
10:12 Chimaera Roost
10:30 Chimaera Roost
13:16 Moon Well
» items
team 2 (winner)
Vali (
orange | 3 APM | 3828 actions | 1326:52)
10 Blood Mage
3 Flame Strike
3 Siphon Mana
1 Summon Phoenix
3 Banish
3 Mountain King
2 Bash
1 Storm Bolt
» actions
| Assign group hotkey | 171 | |
| Basic commands | 154 | |
| Build / train | 330 | |
| ESC pressed | 32 | |
| Enter build submenu | 116 | |
| Enter hero's abilities submenu | 13 | |
| Give item / drop item | 3 | |
| Remove unit from queue | 2 | |
| Right click | 1429 | |
| Select / deselect | 543 | |
| Select group hotkey | 752 | |
| Use ability | 283 | |
3828 total
» units
| Peasant | 45 | |
| Footman | 7 | |
| Goblin Shredder | 5 | |
| Goblin Zeppelin | 10 | |
| Goblin Sapper | 11 | |
| Wisp | 3 | |
| Gryphon Rider | 5 | |
| Dragonhawk Rider | 2 | |
88 total
» upgrades
| Swords | 3 | |
| Masonry | 6 | |
| Armor | 3 | |
| Nature's Blessing | 1 | |
| Storm Hammers | 1 | |
| Cloud | 1 | |
| Lumber Harvesting | 3 | |
| Plating | 3 | |
| Gunpowder | 3 | |
| Backpack | 1 | |
25 total
» buildings
| Altar of Kings | 2 | |
| Barracks | 1 | |
| Farm | 14 | |
| Arcane Vault | 2 | |
| Town Hall | 8 | |
| Keep | 10 | |
| Blacksmith | 4 | |
| Lumber Mill | 1 | |
| Scout Tower | 59 | |
| Guard Tower | 105 | |
| Castle | 8 | |
| Gryphon Aviary | 5 | |
| Ancient Protector | 9 | |
228 total
» build order
00:49 Altar of Kings
00:51 Barracks
00:53 Farm
01:05 Farm
01:31 Farm
01:44 Farm
02:01 Arcane Vault
04:02 Town Hall
05:05 Farm
05:17 Keep
05:17 Keep
05:17 Keep
05:48 Blacksmith
05:52 Lumber Mill
06:12 Scout Tower
06:15 Scout Tower
06:18 Scout Tower
07:58 Scout Tower
07:59 Scout Tower
08:01 Town Hall
08:03 Scout Tower
08:05 Scout Tower
08:07 Scout Tower
08:08 Scout Tower
08:10 Scout Tower
08:11 Scout Tower
08:18 Guard Tower
08:18 Guard Tower
08:18 Guard Tower
08:18 Guard Tower
08:19 Guard Tower
08:19 Guard Tower
08:31 Guard Tower
08:31 Guard Tower
08:32 Guard Tower
08:32 Guard Tower
09:50 Castle
09:50 Castle
09:51 Castle
09:56 Gryphon Aviary
09:57 Gryphon Aviary
10:04 Scout Tower
10:05 Scout Tower
10:42 Guard Tower
10:42 Guard Tower
10:42 Guard Tower
10:43 Guard Tower
10:45 Scout Tower
10:47 Scout Tower
10:48 Scout Tower
10:50 Scout Tower
10:51 Scout Tower
10:53 Scout Tower
10:54 Scout Tower
10:58 Scout Tower
10:59 Scout Tower
11:00 Scout Tower
11:06 Scout Tower
11:07 Scout Tower
11:20 Guard Tower
11:20 Guard Tower
11:20 Guard Tower
11:23 Guard Tower
11:23 Guard Tower
11:24 Guard Tower
11:24 Guard Tower
11:32 Guard Tower
11:32 Guard Tower
11:32 Guard Tower
11:32 Guard Tower
11:36 Guard Tower
11:36 Guard Tower
11:36 Guard Tower
11:39 Guard Tower
11:40 Guard Tower
11:40 Guard Tower
11:40 Guard Tower
11:41 Guard Tower
11:41 Guard Tower
11:42 Guard Tower
11:42 Guard Tower
11:56 Scout Tower
11:56 Scout Tower
11:57 Scout Tower
11:58 Scout Tower
11:59 Scout Tower
11:59 Scout Tower
12:00 Scout Tower
12:01 Scout Tower
12:02 Scout Tower
12:03 Scout Tower
12:04 Scout Tower
12:05 Scout Tower
12:06 Scout Tower
12:06 Scout Tower
13:07 Guard Tower
13:07 Guard Tower
13:08 Guard Tower
13:08 Guard Tower
13:48 Guard Tower
13:48 Guard Tower
13:48 Guard Tower
13:48 Guard Tower
14:38 Ancient Protector
14:40 Ancient Protector
14:41 Ancient Protector
14:43 Ancient Protector
14:44 Ancient Protector
14:48 Ancient Protector
14:49 Ancient Protector
14:53 Ancient Protector
16:14 Ancient Protector
16:48 Town Hall
17:54 Altar of Kings
17:59 Farm
18:03 Farm
18:14 Keep
18:14 Keep
18:14 Keep
18:37 Scout Tower
18:39 Scout Tower
18:40 Scout Tower
18:41 Scout Tower
18:43 Scout Tower
19:07 Guard Tower
19:07 Guard Tower
19:08 Guard Tower
19:08 Guard Tower
19:08 Guard Tower
19:09 Guard Tower
19:09 Guard Tower
19:10 Guard Tower
19:10 Guard Tower
19:12 Guard Tower
19:13 Guard Tower
19:13 Guard Tower
19:13 Guard Tower
19:28 Town Hall
19:35 Town Hall
19:43 Town Hall
19:48 Blacksmith
19:55 Blacksmith
19:58 Blacksmith
20:37 Arcane Vault
20:42 Castle
20:43 Castle
20:43 Castle
21:03 Gryphon Aviary
21:12 Gryphon Aviary
21:24 Gryphon Aviary
24:40 Farm
24:43 Farm
27:59 Town Hall
35:39 Town Hall
37:10 Scout Tower
37:11 Scout Tower
37:12 Scout Tower
37:13 Scout Tower
37:16 Scout Tower
37:17 Scout Tower
37:17 Scout Tower
37:19 Scout Tower
37:22 Scout Tower
37:47 Guard Tower
37:48 Guard Tower
37:48 Guard Tower
37:48 Guard Tower
38:04 Guard Tower
38:04 Guard Tower
38:21 Guard Tower
38:21 Guard Tower
38:21 Guard Tower
38:22 Guard Tower
38:22 Guard Tower
38:30 Scout Tower
38:31 Scout Tower
38:32 Scout Tower
38:33 Scout Tower
38:36 Scout Tower
38:38 Scout Tower
39:33 Guard Tower
39:34 Guard Tower
39:34 Guard Tower
39:34 Guard Tower
39:46 Farm
39:46 Farm
39:47 Farm
39:48 Farm
39:51 Farm
» items
| Scroll of Regeneration | 3 | |
| Lesser Clarity Potion | 1 | |
| Scroll of Town Portal | 1 | |
| Staff of Sanctuary | 1 | |
| Orb of Fire | 1 | |
7 total

»
ValentineBoy (
blue | 16 APM | 1075 actions | 69:10)
2 Death Knight
1 Unholy Aura
1 Death Coil
» actions
| Basic commands | 33 | |
| Build / train | 147 | |
| Enter build submenu | 19 | |
| Enter hero's abilities submenu | 2 | |
| Right click | 499 | |
| Select / deselect | 325 | |
| Use ability | 49 | |
1075 total
» units
| Acolyte | 9 | |
| Ghoul | 17 | |
| Goblin Zeppelin | 1 | |
| Knight | 5 | |
| Peasant | 5 | |
| Flying Machine | 56 | |
| Chimaera | 14 | |
| Siege Engine | 2 | |
| Hippogryph | 10 | |
119 total
» upgrades
| Unholy Strength | 1 | |
| Unholy Armor | 1 | |
| Long Rifles | 1 | |
| Animal War Training | 1 | |
| Swords | 2 | |
| Gunpowder | 1 | |
| Flak Cannons | 1 | |
| Lumber Harvesting | 1 | |
| Corrosive Breath | 1 | |
| Flying Machine Bombs | 1 | |
| Plating | 3 | |
14 total
» buildings
| Ziggurat | 9 | |
| Crypt | 1 | |
| Altar of Darkness | 1 | |
| Nerubian Tower | 3 | |
| Graveyard | 1 | |
| Spirit Tower | 5 | |
| Halls of the Dead | 2 | |
| Necropolis | 2 | |
| Lumber Mill | 1 | |
| Blacksmith | 1 | |
| Workshop | 2 | |
| Farm | 8 | |
36 total
» build order
00:13 Ziggurat
00:57 Ziggurat
01:06 Crypt
01:16 Altar of Darkness
01:21 Nerubian Tower
01:38 Graveyard
02:12 Nerubian Tower
02:17 Ziggurat
03:33 Ziggurat
03:36 Spirit Tower
04:03 Ziggurat
04:29 Spirit Tower
04:29 Spirit Tower
04:29 Spirit Tower
05:00 Spirit Tower
05:52 Halls of the Dead
10:15 Necropolis
15:17 Ziggurat
15:19 Ziggurat
15:21 Ziggurat
15:31 Ziggurat
15:35 Halls of the Dead
15:50 Necropolis
17:06 Nerubian Tower
18:07 Lumber Mill
18:44 Blacksmith
19:17 Workshop
21:20 Workshop
22:59 Farm
23:01 Farm
23:03 Farm
23:04 Farm
23:06 Farm
23:08 Farm
23:10 Farm
23:12 Farm
» items
Invik (
purple | 39 APM | 437 actions | 11:09)
3 Demon Hunter
1 Immolation
2 Evasion
» actions
| Assign group hotkey | 11 | |
| Basic commands | 33 | |
| Build / train | 49 | |
| Enter build submenu | 26 | |
| Enter hero's abilities submenu | 4 | |
| Right click | 129 | |
| Select / deselect | 147 | |
| Select group hotkey | 5 | |
| Use ability | 33 | |
437 total
» units
| Wisp | 32 | |
| Archer | 5 | |
| Huntress | 4 | |
| Glaive Thrower | 2 | |
43 total
» buildings
| Ancient of War | 1 | |
| Moon Well | 8 | |
| Altar of Elders | 1 | |
| Ancient of Wonders | 1 | |
| Hunter's Hall | 1 | |
| Tree of Ages | 1 | |
| Tree of Eternity | 1 | |
| Ancient of Wind | 2 | |
| Tree of Life | 1 | |
| Chimaera Roost | 2 | |
19 total
» build order
00:32 Ancient of War
00:48 Moon Well
01:17 Moon Well
01:39 Altar of Elders
02:35 Moon Well
02:43 Ancient of Wonders
03:15 Hunter's Hall
03:31 Moon Well
04:28 Moon Well
05:37 Tree of Ages
06:54 Moon Well
07:00 Moon Well
08:04 Tree of Eternity
08:17 Moon Well
08:42 Ancient of Wind
08:47 Ancient of Wind
10:12 Tree of Life
10:30 Chimaera Roost
10:37 Chimaera Roost
lunerdonkey (
teal | 32 APM | 360 actions | 11:13)
1 Mountain King
1 Storm Bolt
» actions
| Basic commands | 1 | |
| Build / train | 31 | |
| Enter build submenu | 14 | |
| Enter hero's abilities submenu | 1 | |
| Right click | 212 | |
| Select / deselect | 86 | |
| Use ability | 15 | |
360 total
» units
| Peasant | 8 | |
| Footman | 10 | |
| Rifleman | 7 | |
25 total
» upgrades
» buildings
| Altar of Kings | 1 | |
| Farm | 9 | |
| Barracks | 2 | |
| Lumber Mill | 1 | |
| Blacksmith | 1 | |
| Keep | 1 | |
| Castle | 1 | |
16 total
» build order
00:13 Altar of Kings
00:23 Farm
00:45 Barracks
01:05 Farm
01:48 Lumber Mill
02:44 Farm
03:20 Farm
04:11 Farm
04:47 Farm
04:55 Barracks
04:58 Blacksmith
05:27 Farm
05:40 Keep
06:51 Farm
10:13 Farm
10:21 Castle
Chat log
(00:19 / Allies) Invik: units?
(00:25 / Allies) Vali: Yes
(02:11 / Allies) lunerdonkey: rush
(02:12 / Allies) lunerdonkey: ok
(02:19 / Allies) lunerdonkey: 5 units go
(02:26 / Allies) Vali: This game is 12 years old now
(02:29 / Allies) Vali: well soon enough
(02:34 / Allies) Vali: adn you want to rush for fast wins?
(02:49 / Allies) Vali: Are you trying to fix your 270-337 record?
(03:02 / Allies) Invik: doesnt matter
(03:05 / Allies) Invik: lets plany
(03:10 / Allies) Invik: play*
(03:19 / Allies) ValentineBoy: i have been playing star/warcraft for 18 years
(03:41 / Allies) lunerdonkey: eush
(03:43 / Allies) lunerdonkey: rush
(03:44 / Allies) Invik: k
(03:45 / Allies) lunerdonkey: or?
(06:53 / Allies) ValentineBoy: pink moving toward purp
(07:26 / Allies) lunerdonkey: wow
(09:27 / All) Vali: Useless fucking allies
(09:52 / Allies) Invik: everyone
(10:36 / Allies) lunerdonkey: gg
(10:40 / Allies) Invik: na
(11:14 / All) ValentineBoy: my ghouls refused to attack his mortar team
(11:17 / All) rapenschpiell_u: yeah nigga he gone
(11:26 / All) ValentineBoy: this is a hacked game
(11:34 / All) ValentineBoy: fucking cheats
(11:41 / All) rapenschpiell_u: rofl
(11:45 / All) rapenschpiell_u: ur hopeless
(11:54 / All) ValentineBoy: yeah u are
(12:05 / All) rapenschpiell_u: rofl i guess ur a noob?
(12:15 / All) ValentineBoy: 18 yeah noob
(12:19 / All) ValentineBoy: year
(12:30 / All) rapenschpiell_u: i'm not that young son
(12:32 / All) ValentineBoy: 1996
(12:41 / All) rapenschpiell_u: 82
(13:05 / All) ValentineBoy: its odd then that u were taught to cheat at such a young age...u must be american...doing badly in school?
(13:23 / All) Vali: wtf that should have landed
(13:24 / All) CptCapone: are you serious right now?
(13:29 / All) 1_Eye_jack: i maphack get used to it
(13:36 / All) Vali: I've raped you a lot of times green
(13:42 / All) Vali: You got lucky this game my allies all sucked
(13:46 / All) 1_Eye_jack: no u havent
(13:47 / All) rapenschpiell_u: didn't need it with these noobs
(13:49 / All) ValentineBoy: u don't get use to cheating
(13:55 / All) ValentineBoy: its wrong
(14:11 / All) Vali: and here you get raped again green
(14:19 / All) ValentineBoy: u may have admitted to yourself ur unable to win without ruining games for honest players
(14:23 / All) ValentineBoy: but we are not
(15:41 / All) guardian0fLight: GREEN
(15:49 / All) Vali: You lose buddy green
(15:55 / All) Vali: Raped again like so many other times
(16:05 / All) Vali: too bad I couldn't do the job myself for once
(16:07 / Allies) ValentineBoy: green is not here take his men
(16:11 / All) 1_Eye_jack: in ur dreams maybe
(16:23 / All) Vali: lol
(16:31 / All) Vali: You are 700-738
(16:38 / All) Vali: Not exactly hard to dominate a player like you
(16:45 / All) ValentineBoy: dude there is no honours for cheating. honour is for honorable things
(17:14 / All) Vali: If green hacks he's one of the worst hackers I've ever seen
(21:20 / All) CptCapone: pls man
(21:29 / All) Vali: You lose buddy
(21:36 / All) Vali: GET THE FUCK OUT
(21:38 / All) Vali: Lagging trash
(21:46 / All) rapenschpiell_u: ha
(21:50 / All) rapenschpiell_u: on purpose
(21:53 / All) Vali: lol
(21:58 / All) Vali: Yeah you have shit internet "on purpose"
(24:12 / All) rapenschpiell_u: lol well done
(24:19 / All) Vali: Thanks pal
(24:49 / All) Vali: I got gryphons on the way at last
(24:56 / All) Vali: Retard pink flew over my hidden peasants and didn't do shit
(25:10 / Allies) ValentineBoy: copters and chims in purp - t6ake them
(25:11 / All) guardian0fLight: green
(25:20 / All) guardian0fLight: u attacked my hero after i accidently attacked them
(25:23 / All) guardian0fLight: i thought u were enemy
(25:37 / All) Vali: He is a maphacker
(25:40 / All) Vali: He is the enemy of battle.net
(25:52 / All) Vali: Well I maphack too but I use evil to fight evil
(25:52 / All) guardian0fLight: green is such a hypocrit
(26:08 / All) ValentineBoy: probably not, just too young to be playing at this level
(26:26 / All) guardian0fLight: green is such ahypocrite, he attacks me after i accidently attack his mortars
(26:28 / All) ValentineBoy: using cheats to play with the older more mature kids
(26:31 / All) guardian0fLight: i thought they were enemy mortars
(26:59 / All) 1_Eye_jack: u sutpid peice of shit u flame stuck my morts and then said sorry
(27:03 / All) 1_Eye_jack: Right after
(27:03 / All) Vali: lol
(27:07 / All) Vali: I can't wait to see your chat
(27:10 / All) Vali: My team is pussies and a mute
(27:19 / All) guardian0fLight: lol
(27:24 / All) guardian0fLight: stfu oj
(27:28 / All) guardian0fLight: im gonna own ur noob ass
(27:35 / All) Vali: I got this one buddy
(27:37 / All) Vali: I got 3 base
(27:37 / All) guardian0fLight: ur a hacker noob
(27:51 / All) Vali: I can still own you no problem
(27:53 / All) Vali: You suck ass
(27:55 / All) Vali: Eat shit faggot
(28:09 / All) Vali: Look at your shitty gryphon
(28:12 / All) Vali: my bm owns you
(28:54 / Allies) ValentineBoy: are we both controlling the men in the red base?
(28:59 / Allies) Vali: no
(29:03 / Allies) Vali: what do you mean
(29:16 / Allies) ValentineBoy: they are being contro9lled by someone other than me
(29:23 / Allies) Vali: wtf?
(29:27 / All) Vali: FUCKIGN CONTROL HACKERS
(29:29 / All) Vali: CONTROL HACK
(29:31 / All) Vali: LOOK AT REDS BASE
(29:33 / All) Vali: HIS FUCKING ARMY
(29:54 / Allies) Vali: let's report them to blizzard after omfg
(29:57 / Allies) Vali: they were hacking i think
(30:07 / All) guardian0fLight: raped
(30:09 / All) guardian0fLight: bitches
(30:17 / All) ValentineBoy: I sent them to attack the castle and immediately control was taken from me and they settled over the towers and were wiped out
(30:22 / All) Vali: control hackers
(30:50 / All) Vali: you ever seen that before blue? I saw it once before on northrend, hacker realm
(31:06 / All) Vali: was a control hacker who controlled my units and used them to kill an ally and I couldn't do anything about it
(31:09 / All) Vali: I reported him to blizzard
(31:18 / All) Vali: felt so bad, like I was some kind of tker
(31:47 / All) ValentineBoy: they are lag hacking now
(31:56 / All) Vali: seriously?
(31:58 / All) Vali: fucking losers
(32:05 / All) Vali: control hack and lag hacker and maphacker green
(32:23 / All) Vali: people like that are runing battlenet
(32:35 / All) 1_Eye_jack: battle net is already ruined
(32:47 / Allies) ValentineBoy: u have peons standing around on ur main base
(33:10 / Allies) Vali: ty friend
(33:16 / All) Vali: Nice try pink
(33:19 / All) Vali: Your hacker team loses
(33:21 / All) Vali: hackers down!
(33:29 / All) CptCapone: fuc this team
(33:33 / All) CptCapone: red killed us all
(33:34 / All) Vali: Green I am reporting you to blizzard
(33:36 / All) Vali: for:
(33:37 / All) 1_Eye_jack: dude has 8k god ol
(33:38 / All) Vali: 1. control hack
(33:39 / All) guardian0fLight: pink we got this stfu
(33:40 / All) Vali: 2. map hack
(33:45 / All) Vali: 3. lag hack
(33:48 / All) Vali: I have 9k gold
(34:23 / All) rapenschpiell_u: i'm guessing u actually think you're good oj"?
(34:34 / All) rapenschpiell_u: a laugh son
(34:35 / All) Vali: I'm better than everyone else in this game
(34:38 / All) Vali: and 99% of battle.net
(34:41 / All) rapenschpiell_u: lol
(34:57 / All) Vali: I'd offer to 1v1 but you'd either pus out of it or be complete shit
(36:07 / Allies) ValentineBoy: feed teal and purp if u can
(36:17 / All) Vali: Thanks for some more free XP pink
(36:24 / All) Vali: You got any more
(36:26 / All) Vali: ?
(36:30 / All) Vali: if so I'd appreciate it for level 8
(36:36 / All) CptCapone: naw
(36:39 / All) Vali: Oh nvm you're out of gold
(36:46 / All) CptCapone: how u no?
(36:52 / All) CptCapone: can u tell somehow/?
(36:55 / All) Vali: YOu weren't making anything
(36:56 / All) CptCapone: pls dont
(36:57 / All) Vali: common sense
(36:58 / All) CptCapone: end me
(36:59 / All) CptCapone: pls
(37:06 / All) CptCapone: ty
(38:34 / All) guardian0fLight: doing 1v4
(38:37 / All) guardian0fLight: cant believe it
(38:49 / All) 1_Eye_jack: ya after we took out 2 bases
(38:53 / All) ValentineBoy: what 4?
(39:06 / All) ValentineBoy: there are only 2 of us over here duce
(39:30 / All) guardian0fLight: fucking noobs
(39:37 / All) guardian0fLight: dont mess with billy the kid
(39:48 / All) ValentineBoy: billy the hack u mean
(39:57 / All) guardian0fLight: how do i hack lol
(40:07 / All) rapenschpiell_u: lol
(40:16 / All) ValentineBoy: each time I went in that base i lost control of the men'
(40:20 / All) rapenschpiell_u: kids love to believe in hackers when they lose
(40:29 / All) guardian0fLight: wtf
(40:30 / All) Vali: Green is a
(40:32 / All) Vali: 1. control hacker
(40:34 / All) Vali: 2. map hacker
(40:35 / All) guardian0fLight: and u think i did it?
(40:36 / All) Vali: 3. lag hacker
(40:41 / All) Vali: and maybe rerd too
(40:44 / All) Vali: red is maybe hacker
(40:46 / All) 1_Eye_jack: I dont use control hack just maphack
(40:50 / All) Vali: yes you do
(40:53 / All) Vali: did u see at red's base?
(40:58 / All) Vali: armies do nothing and stop doing anything
(41:01 / All) Vali: control hacjk
(41:17 / All) CptCapone: jus leave
(41:20 / All) guardian0fLight: control hack doesnt exist
(41:20 / All) CptCapone: noob
(41:21 / All) guardian0fLight: im sorry
(41:26 / All) rapenschpiell_u: conclude the raping red
(41:34 / All) Vali: yes it fuckin does
(41:37 / All) guardian0fLight: i mean
(41:38 / All) Vali: u saw it uesed at your base
(41:40 / All) guardian0fLight: it used to exist
(41:42 / All) Vali: armies stopped doing that
(41:42 / All) guardian0fLight: years ago
(41:47 / All) Vali: must've been updated dude
(41:48 / All) ValentineBoy: all those towers in teal just disappeared on their own
(41:52 / All) Vali: i saw it in one game on northrend
(42:01 / All) Vali: my army stopped being ussable
(42:09 / All) Vali: and killed an ally and nuffin i could do about it
(42:13 / All) Vali: felt so bad like a tk
(42:16 / All) Vali: but i found the hacker
(42:19 / All) ValentineBoy: I have seen it many times in 18 years
(42:24 / All) Vali: and my russian friend on my team im ade that game and myself reported it
(42:34 / All) 1_Eye_jack: game isnt 18 years old
(42:35 / All) CptCapone: ENJOY UR LOSS
(42:36 / All) guardian0fLight: LOL
(42:36 / All) rapenschpiell_u: lol we all got tk'd on this team and u think you're good kid
(42:37 / All) CptCapone: NOOOBS
(42:46 / All) ValentineBoy: don't play the mexican kids all their games are hacked
(42:52 / All) guardian0fLight: i am guaranteeing victory, only pro's can do that
(42:58 / All) guardian0fLight: my team should worship me
(42:58 / All) rapenschpiell_u: have a cry guys
(43:00 / All) guardian0fLight: especially green
(43:06 / All) ValentineBoy: only cheaters can u mean
(43:07 / All) guardian0fLight: green is probably the control hacker
(43:08 / All) guardian0fLight: blue
(43:14 / All) 1_Eye_jack: nah i think u should kill urself realy
(43:22 / All) Vali: you all have to loose
(43:25 / All) Vali: Green and red especially
(43:33 / All) Vali: map hacking, control hacking, lag hacking fucks
(43:37 / All) guardian0fLight: everytime i face 1 eyed jack he always ends up like this
(43:39 / All) ValentineBoy: it is spelled "lose" with one OH
(43:45 / All) Vali: oh srry
(43:48 / All) rapenschpiell_u: lol
(43:50 / All) guardian0fLight: blue green is the control hacker
(43:50 / All) Vali: i thhought it was loose
(44:00 / All) 1_Eye_jack: u never faced me though red
(44:01 / All) Vali: they are on you're team
(44:03 / All) Vali: they have to lose
(44:05 / All) 1_Eye_jack: And prob never wil again
(44:07 / All) rapenschpiell_u: no ur mom is "loose"
(44:10 / All) guardian0fLight: yes i have
(44:14 / All) guardian0fLight: on a smurf
(44:16 / All) 1_Eye_jack: no sir u havent
(44:17 / All) rapenschpiell_u: you are about to "lose
(44:22 / Allies) ValentineBoy: geez thats a shit load of gold u have there
(44:33 / Allies) Vali: no point using it they are hackers
(44:36 / All) 1_Eye_jack: This game was over 2 hours ago but red tked
(44:47 / All) Vali: over from the start with all the fuckin hackers
(44:53 / All) guardian0fLight: stfu i tked cuz u wouldn't listen
(44:57 / All) guardian0fLight: i said hit bottom base
(45:00 / Allies) ValentineBoy: following that logic there is no point playing
(45:07 / Allies) Vali: well red is tking
(45:08 / All) guardian0fLight: Y DID u insist on hitting top
(45:11 / Allies) Vali: we might win yet
(45:12 / All) 1_Eye_jack: Oh first it was cause u hti my morts
(45:13 / All) guardian0fLight: cuz pink u attacked my expo
(45:17 / All) guardian0fLight: u chose green over me
(45:31 / All) guardian0fLight: ur innocent yellow but i make the calucation u would turn vs me
(45:40 / Allies) ValentineBoy: give purp 5,ooo
(45:50 / All) rapenschpiell_u: wow that looks like red's units
(45:50 / Allies) Vali: k
(45:51 / All) guardian0fLight: i swear to god blue
(45:55 / All) rapenschpiell_u: very original oj
(45:56 / All) guardian0fLight: these allies are arrogant pricks
(46:09 / All) guardian0fLight: im winning 1v4
(46:10 / All) Vali: they are fuckin hackers
(46:14 / All) guardian0fLight: and they are rebuking me
(46:15 / All) Vali: you have fuckin HACKER ALLIES
(46:16 / All) guardian0fLight: and scolding me
(46:18 / All) guardian0fLight: insulting me
(46:23 / All) guardian0fLight: green told me to kill myself irl
(46:26 / Allies) ValentineBoy: ahh ur destroying purp
(46:34 / Allies) Vali: ?
(46:37 / All) 1_Eye_jack: u need to truely
(46:40 / Allies) ValentineBoy: i knew i had seen ur name before
(46:43 / Allies) Vali: huh?
(46:49 / Allies) Vali: are you accusing me ?
(46:59 / Allies) Vali: i done nothin man i afk basically the past while in the game
(47:09 / All) ValentineBoy: sorry guess it was vali who was taking control of the team and making them destroy themselves
(47:12 / All) Vali: huh?
(47:15 / Allies) ValentineBoy: guys
(47:23 / All) Vali: why you fucking saying that?
(47:28 / All) Vali: i afk basically the past 20 mins this game
(47:29 / All) ValentineBoy: he is destroying purple's base now
(47:32 / All) Vali: ?
(47:36 / All) Vali: huh?
(47:40 / All) Vali: you saying i am red?
(47:41 / All) rapenschpiell_u: yes fark this purple nigga up
(47:43 / All) ValentineBoy: took out all the tower defenses
(47:50 / All) guardian0fLight: BLUE it was probably
(47:52 / All) ValentineBoy: sorry for accusing u
(47:53 / All) guardian0fLight: green
(47:59 / All) guardian0fLight: green has the control hack remember
(48:06 / All) 1_Eye_jack: like i said i only maphack
(48:12 / All) Vali: blue is fucking idiot thinks i controlled team kill shit
(48:13 / All) 1_Eye_jack: And im bein honest
(48:18 / All) Vali: ratgher than control hackers who are obvious
(48:19 / All) rapenschpiell_u: lol
(48:25 / All) ValentineBoy: no I knew I had played with vali before - this is his doing
(48:29 / All) rapenschpiell_u: orange shuck my cawk
(48:35 / All) guardian0fLight: wut do u mean
(48:43 / All) ValentineBoy: he's a hacker - u guys are fucked
(48:48 / All) Vali: i havent done shit man i afk the past while since hackers on enemy team
(48:54 / All) Vali: no point playin man
(48:59 / All) Vali: they have CONTROL HACK
(49:00 / All) Vali: LAG HACK
(49:02 / All) Vali: MAP HACK
(49:06 / All) Vali: no point man it's over man
(49:10 / All) Vali: game over man
(49:13 / All) Vali: game over
(49:21 / All) Vali: they are things you use
(49:23 / All) 1_Eye_jack: well the lag is from maphack sooo
(49:24 / All) rapenschpiell_u: laghack?
(49:29 / All) rapenschpiell_u: lmao
(49:32 / All) Vali: yes fuckin laghack makes fuckers lag you dumb bitch
(49:39 / All) Vali: LAGHACK FUCKER, it's what you are USING
(49:43 / All) Vali: what your fucking HACK TEAM has
(49:44 / All) ValentineBoy: fucking vali
(49:55 / All) Vali: vfucker i havent done shit
(50:06 / All) ValentineBoy: watch out for him in future games, he's a tk and backstabber
(50:13 / All) Vali: I HAVCENT FUCKING DONE SHIT YOU DUMBASS
(50:14 / All) Vali: WTF
(50:20 / All) ValentineBoy: u prick
(50:20 / All) Vali: i am reporting you to blizxard for harassment blue
(50:23 / All) guardian0fLight: blue, we've already proven green is the hacker he addmited maphack
(50:27 / All) Vali: i am fucking innocent i swear on me mum's life
(50:29 / All) ValentineBoy: piece of shit
(50:35 / All) Vali: THEY ARE THE FUCKING HACK E$RS P<FG
(50:36 / All) Vali: OMFG
(50:39 / All) Vali: THEY ARE THE FUCKING HACKERS
(50:41 / All) ValentineBoy: leave
(50:41 / All) rapenschpiell_u: me mum's lmao
(50:42 / All) Vali: GREEN AND YELLOW
(50:46 / All) rapenschpiell_u: are u a cockney?
(50:47 / All) Vali: THEY ARE FUCKING HACKS
(50:57 / All) Vali: SHUT THE FUCK UP YELLOW
(51:02 / All) guardian0fLight: this is a wierd ass fucking game lol
(51:03 / All) Vali: BLOW IT OUT YOUR ARSE YOU FUCKING HACJKER
(51:09 / All) 1_Eye_jack: why are u 2 stil here
(51:15 / All) 1_Eye_jack: im gonna go smoke a blunt cya
(51:17 / All) Vali: I AM NOT FUCKIN HACKER
(51:24 / All) Vali: fucking control ahckers bit hch
(51:28 / All) ValentineBoy: all the games where team mates attack each other and lie about it are "weird ass games"
(51:28 / All) rapenschpiell_u: shuck my cawk
(51:38 / All) Vali: I makie you fucking lose you fucking shit
(51:43 / All) Vali: die hyou fuckin cunt
(51:49 / All) rapenschpiell_u: try me son
(51:52 / All) ValentineBoy: vali is a piece of shit human being
(51:56 / All) rapenschpiell_u: fuckin aussie fag lol
(52:10 / All) guardian0fLight: WTF
(52:11 / All) Vali: tried and made you fucking eat shit you fudcking cunt earlier when i raped ur base with just a BM
(52:13 / All) guardian0fLight: oj still has an army?
(52:21 / All) ValentineBoy: he had this game hacked from the beginning and is now watching the standing so he places on top
(52:25 / All) rapenschpiell_u: lmao
(52:27 / All) Vali: LOL
(52:35 / All) Vali: I dont give a fucking SHIT about my score you dumb ficking american
(52:35 / All) rapenschpiell_u: we were all tk'd about 35 mins ago
(52:37 / All) Vali: FUCKING
(52:42 / All) Vali: I am not fucking hacker or grief
(52:43 / All) rapenschpiell_u: ur still unable to win
(52:45 / All) Vali: I do not grief tk hack
(52:48 / All) Vali: i am 100% innocent
(52:52 / All) ValentineBoy: prick
(52:53 / All) Vali: YOU HAD FUCKING CONTROL HACK MAP HACK LAG HACK
(52:55 / All) Vali: WHY WOULD I TRY
(52:55 / All) rapenschpiell_u: suck on ur score carnt
(52:57 / Allies) Vali: WHY WOULD I A
(53:00 / All) Vali: WHY WOULD I ATTACK YOU
(53:03 / All) rapenschpiell_u: so ur aussie?
(53:04 / All) Vali: THERE WAS NO FUCKING POINT YOU FUCKINGCVUNTS
(53:08 / All) rapenschpiell_u: i'm in collingwood
(53:16 / All) Vali: yes i am fucking australian you fucking american
(53:25 / All) rapenschpiell_u: i'm aussie u clown
(53:31 / All) Vali: no you fucking arent
(53:33 / Allies) ValentineBoy: what the fuck is a "collingwood" some part of russia?
(53:34 / All) Vali: you are imperrsonating
(53:36 / All) rapenschpiell_u: i'm in collingwood melbourne RIGHT NOW
(53:43 / All) Vali: blue asks if collingwood is some part of russia LOL
(53:55 / All) Vali: shame on you being aussie hacker
(54:06 / All) rapenschpiell_u: lol u blow at this son
(54:20 / All) Vali: Suck my dick you fucking lost
(54:23 / All) Vali: i am DOMINATING red
(54:34 / All) Vali: he uis fucking trashj noob
(54:36 / All) rapenschpiell_u: he tk'd us all
(54:44 / All) ValentineBoy: he's kicking ur ass so he's atleast as good a hacker as u
(54:45 / All) Vali: BECAUSE YOU ARE MOTHEFRCUKCING TRASH HACKERS
(54:51 / All) rapenschpiell_u: u should be proud u shameless aussie fag
(54:52 / All) Vali: I AM NOT FUCKING HACKER TYOU DUMBASS IT WAS CONTROL AHCKERS
(54:58 / All) Vali: why did red green?
(55:00 / All) Vali: red attack green
(55:05 / All) Vali: answer:
(55:07 / All) Vali: he was fucking HACKER
(55:57 / All) ValentineBoy: vali this is a small community because the game is old - u don't cheat ur allies and not get remembered for it
(56:02 / All) Vali: LOL
(56:06 / All) Vali: I never played you before bro
(56:09 / All) Vali: i don't know who the fuck you are
(56:27 / All) guardian0fLight: green is prtending to be afk
(56:40 / All) ValentineBoy: 18 years of experience here and I have had a lot of liars say that to me except I was there
(56:54 / All) Vali: your 18 years old?
(57:05 / All) rapenschpiell_u: lol 18 years of what?
(57:08 / All) ValentineBoy: yes I was playing this game in the cradle
(57:09 / All) rapenschpiell_u: wc3?
(57:18 / All) Vali: wc3 18 years old
(57:22 / All) Vali: heard it hear first
(57:24 / All) rapenschpiell_u: it's 11 years old clownass nigga
(57:33 / All) Vali: ALmost 12 this year
(57:50 / All) ValentineBoy: I dont know how old it is that is just how long I have played warcraft/starcraft
(58:08 / All) rapenschpiell_u: and you're THAT crap?
(58:27 / All) Vali: LOL
(58:30 / All) Vali: 18 years of rts and total shit
(58:31 / All) ValentineBoy: I am only that crap when playing hackers - i always win otherwise
(58:37 / All) guardian0fLight: this game pisse dm eoff
(58:42 / All) Vali: yeah fuckin control ahckers on enemy team and you couldn't see them
(58:46 / All) rapenschpiell_u: i'm not a hacker
(58:52 / All) Vali: maybe if you were pissed you being this shit would be excusable
(58:56 / All) Vali: you are fucking trash blue
(59:00 / All) Vali: GREEN is hacker
(59:02 / All) Vali: Green is:
(59:04 / All) Vali: 1. control hacker
(59:06 / All) Vali: 2. map hacker
(59:08 / All) Vali: 3. lag hacker
(59:11 / All) ValentineBoy: vali u need to drop the lie - u took control of those men and destroyed them
(59:17 / All) Vali: LOL
(59:20 / All) Vali: i will go to my grave not saying that
(59:21 / All) rapenschpiell_u: wtf is a lag hacker?
(59:31 / All) rapenschpiell_u: someone who lags?
(59:42 / All) ValentineBoy: then expect to wake up in hell
(59:44 / All) Vali: forces laggers to try to drop people
(59:57 / All) ValentineBoy: going to ur grave lying is not a good thing to do
(59:59 / All) rapenschpiell_u: sounds like bullshit oj
(60:02 / All) Vali: LOL
(60:06 / All) rapenschpiell_u: where in aus u live?
(60:06 / All) Vali: it isn't fucking bullshit mate
(60:09 / All) Vali: sydney
(60:17 / All) rapenschpiell_u: rofl
(60:25 / All) ValentineBoy: u certainly are a bullshitter
(60:31 / All) Vali: LOL
(60:33 / All) Vali: get wrecked
(60:42 / All) guardian0fLight: woo hoo
(60:44 / All) guardian0fLight: u suck oj
(60:46 / All) guardian0fLight: lol
(62:59 / All) Vali: fucking noob
(63:04 / All) Vali: if you didnt fucking hack it's be over
(63:15 / All) 1_Eye_jack: no if he didnt tk it be over
(63:29 / All) guardian0fLight: shut up hacker lol
(63:32 / All) ValentineBoy: seems we had 2 tk's here
(64:07 / All) 1_Eye_jack: Yea someone is defo control hacking him
(64:18 / All) Vali: SEE FUCKING GREEN KNOWS IT
(64:23 / All) Vali: YELLOW IS A FUCKING hacker
(64:24 / All) ValentineBoy: not necessarily
(64:26 / All) Vali: pussy fucking cunr
(64:27 / All) Vali: CUNT
(64:30 / All) Vali: CUNT
(64:31 / All) Vali: CUNT
(64:32 / All) Vali: CUNT
(64:33 / All) Vali: CUNT
(64:34 / All) Vali: CUNT
(64:34 / All) Vali: CUNT
(64:35 / All) Vali: CUNT
(64:36 / All) Vali: CUNT
(64:37 / All) Vali: CUNT
(64:38 / All) Vali: CUNT
(64:42 / All) rapenschpiell_u: yes i love pussy
(64:57 / All) ValentineBoy: this is all staged they could just be 1 play and a clone
(65:11 / All) Vali: Not fucking staged this is fucking real shit
(65:14 / All) guardian0fLight: ?
(65:14 / All) Vali: Fucking hackers all game
(65:16 / All) Vali: HACKER GAME
(65:18 / All) 1_Eye_jack: ya ithink voli and red are same ppl
(65:18 / All) Vali: HACKER WC3
(65:21 / All) ValentineBoy: bullshit
(65:21 / All) Vali: LOL
(65:22 / All) guardian0fLight: LOL
(65:31 / All) Vali: are you fucking kidding me
(65:36 / All) guardian0fLight: this is called
(65:42 / All) guardian0fLight: the "never ending story hack"
(65:46 / All) rapenschpiell_u: lol
(65:50 / All) rapenschpiell_u: classic
(65:55 / All) Vali: LOL
(65:59 / All) guardian0fLight: the kid from 2nd movie killed himself
(66:01 / All) guardian0fLight: IRL
(66:04 / All) guardian0fLight: hung himself
(66:05 / All) 1_Eye_jack: im gonna start up kik
(66:06 / All) guardian0fLight: sebestian
(66:06 / All) Vali: best game wc3 i ever seen
(66:12 / All) 1_Eye_jack: lol
(66:15 / All) rapenschpiell_u: lol
(66:21 / All) rapenschpiell_u: quite amazing
(66:22 / All) Vali: LOL kik you fucking cybering with girls on omegle or something?
(66:24 / All) guardian0fLight: i still cannot believe
(66:29 / All) guardian0fLight: green wants me to kill myself irl
(66:30 / All) rapenschpiell_u: my stoned head is spinning
(66:32 / All) 1_Eye_jack: lol
(66:41 / All) 1_Eye_jack: yes i do
(66:42 / All) Vali: yellow=druggy hacker
(66:46 / All) ValentineBoy: well I'll be sure to attack vali early the next time we're in the same game
(66:49 / All) 1_Eye_jack: ur ass dont deserve to live
(66:52 / All) Vali: good fuckin luck mate
(67:05 / All) guardian0fLight: who are u talking
(67:06 / All) ValentineBoy: yeah hackers are hard to kill early
(67:06 / All) guardian0fLight: To
(67:08 / All) guardian0fLight: green
(67:16 / All) guardian0fLight: i told u idiot, i accidently flamestriked ur mortars
(67:20 / All) guardian0fLight: but no
(67:25 / All) guardian0fLight: u had to attack me instantly
(67:31 / All) ValentineBoy: I can usually make work tho without cheating
(67:34 / All) Vali: red tker
(67:39 / All) Vali: or green tker
(67:42 / All) Vali: all even now
(67:43 / All) guardian0fLight: green didn't even let me explain myself
(67:43 / All) 1_Eye_jack: Red
(67:47 / All) Vali: have to leave pcs on all night lmao
(67:48 / All) guardian0fLight: prick
(67:58 / All) 1_Eye_jack: when u see my units
(68:00 / All) guardian0fLight: yes gree/
(68:05 / All) 1_Eye_jack: all in a line
(68:10 / All) rapenschpiell_u: i'm out to dinner soon homie
(68:14 / All) 1_Eye_jack: about 2 nuke oj mmain
(68:21 / All) guardian0fLight: lol
(68:23 / All) rapenschpiell_u: vietnamese in melbourne
(68:24 / All) guardian0fLight: i said hit bottom
(68:25 / All) guardian0fLight: man
(68:32 / Allies) ValentineBoy: there are only two buildings on our side of the map in upper right corner take them out and end this bullshit session
(68:33 / All) 1_Eye_jack: Fuck u and ur bottom
(68:45 / All) guardian0fLight: hitting oj was pointless
(68:47 / All) guardian0fLight: he had towers
(68:51 / All) guardian0fLight: and no units
(68:56 / All) guardian0fLight: im sure ur mh told u that
(69:03 / All) guardian0fLight: pink helped u take out blue
(69:07 / All) guardian0fLight: so did the other guy
(69:44 / All) guardian0fLight: they are using my zeps
(69:58 / All) 1_Eye_jack: i ant
(70:35 / All) guardian0fLight: use the zepps
(70:38 / All) guardian0fLight: and attack top right
(70:40 / All) guardian0fLight: idiots
(70:50 / All) guardian0fLight: he has 3 shit left
(71:05 / All) Vali: lumber mill blacksmith arcane vualt motherfuckers
(71:14 / All) Vali: I AM GONNA WIN
(71:16 / All) Vali: GET FUCKING WRECKED
(73:20 / All) guardian0fLight: attack the smith first
(73:23 / All) guardian0fLight: so hecant make rifles
(75:54 / All) guardian0fLight: having fun with that zepplin yellow
(76:03 / All) rapenschpiell_u: yesh
(85:12 / All) guardian0fLight: u know green yellow and pink
(85:16 / All) guardian0fLight: i KNOW when ur selecting shit
(85:18 / All) guardian0fLight: lol
(85:24 / All) guardian0fLight: u 3 pricks arent afk
(85:45 / All) guardian0fLight: ur watching ever so attentively, eyes not blinking
(86:08 / All) guardian0fLight: watcya mean
(86:34 / All) guardian0fLight: are u saying you have broken a young ladies' heart?
(87:03 / All) guardian0fLight: i can tell
(87:14 / All) guardian0fLight: one of u has selected a zepp, the other a zepp, and the last a blacksmith
(87:22 / All) guardian0fLight: only question is, who is selecting what
(90:35 / All) guardian0fLight: who is selecting pinks hunter all now
(92:31 / All) guardian0fLight: one eyed jack bought a zepplin now, that sick puppy hasn't left his screen
(93:36 / All) guardian0fLight: here jake
(93:38 / All) guardian0fLight: jack*
(93:40 / All) guardian0fLight: this is proof
(93:43 / All) guardian0fLight: we played u before
(93:56 / All) guardian0fLight: (18:34 / All) 1_eye_jack: ur a fucken retard man(18:39 / All) 1_eye_jack: just go kill urself red
(94:05 / All) guardian0fLight: 18:46 / All) 1_eye_jack: u and ur shit talking bull shit
(94:51 / All) guardian0fLight: that was june 2nd, 2013
(96:24 / All) CptCapone: anyone here?
(96:46 / All) Vali: I am here
(96:51 / All) Vali: but alt tabbed a lot
(96:58 / All) CptCapone: why dont you leave lol?
(97:19 / All) Vali: Because I'm winning lol
(97:35 / All) Vali: You should leave I bet I have better internet and a superior computer
(97:36 / All) CptCapone: why wouldnt red end you?
(97:40 / All) CptCapone: you guys are together?
(97:43 / All) Vali: Because he has 0 food bitch
(97:47 / All) Vali: Get out fucker
(97:51 / All) Vali: Leave it's over
(98:14 / All) CptCapone: well im gona leave this on an go watch another episode i guess...
(98:43 / All) Vali: What are you watching?
(98:49 / All) Vali: A/S/L?
(99:04 / All) Vali: What are you wearing?
(99:39 / All) guardian0fLight: hello pink
(99:45 / All) guardian0fLight: so good of you to "rejoin" us
(99:52 / All) guardian0fLight: AKA NOT LEAVE UR MONITOR ONCE
(101:18 / All) guardian0fLight: 2 are still here
(101:31 / All) guardian0fLight: someone just selected goblin lab and the other blacksmith
(101:35 / All) guardian0fLight: god u guys are sickos
(102:52 / All) guardian0fLight: lol
(102:57 / All) guardian0fLight: i can tell wut u select moron
(103:08 / All) guardian0fLight: when u give control it does that
(104:02 / All) Vali: He isn't a hacker you dumbass
(104:04 / All) Vali: You and green are
(104:24 / All) rapenschpiell_u: 23/fem/melbourne
(104:30 / All) CptCapone: its so obvious u2 are together
(104:31 / All) rapenschpiell_u: just got back
(104:55 / All) rapenschpiell_u: gotta go to that dinner wit ma' gurl'
(105:06 / All) Vali: You're a lesbian?
(105:10 / All) guardian0fLight: all 3 of u here
(105:10 / All) rapenschpiell_u: then we'll be fucking lol
(105:12 / All) guardian0fLight: now
(105:18 / All) Vali: lol
(105:19 / All) Vali: 1 down
(105:23 / All) guardian0fLight: 1 down
(105:24 / All) CptCapone: lol
(105:31 / All) guardian0fLight: everytime i see pinks name
(105:33 / All) guardian0fLight: i think of
(105:35 / All) guardian0fLight: al pacino
(105:42 / All) CptCapone: i wont leave friend
(105:47 / All) CptCapone: unless u can end
(105:48 / All) CptCapone: me
(105:59 / All) CptCapone: bye
(106:01 / All) guardian0fLight: yea pink
(106:02 / All) CptCapone: bac ina bit
(106:10 / All) guardian0fLight: ur 10-18 rec really is amazing
(106:16 / All) Vali: Yellow just had a hot picket
(106:21 / All) Vali: a hot pocket*
(106:26 / All) Vali: Now he's going to fuck the crisping sleeve
(106:40 / All) guardian0fLight: green is still here lol
(106:46 / All) guardian0fLight: he is selecting diff shit
(107:00 / All) guardian0fLight: green ur wc3 reputation is on the line
(107:02 / All) Vali: 1 Eye Jack's one eye will be bleeding from staring at his monitor so long if this standoff goes long enough
(107:06 / All) guardian0fLight: we will upload this replay
(107:11 / All) guardian0fLight: people will know wut u select
(107:29 / All) Vali: http://highper.ch Ctrl+F your WC3 username green, to see the other times we dominated you and humiliated you
(107:35 / All) guardian0fLight: they're selecting yellows crypt and the bot left zepplin
(109:04 / All) guardian0fLight: i have to tell u rod
(109:09 / All) guardian0fLight: we've seen some sick puppies
(109:14 / All) guardian0fLight: but pink and green take the crown
(109:22 / All) guardian0fLight: pink
(109:25 / All) guardian0fLight: isn't it obvious
(109:27 / All) guardian0fLight: lol
(109:55 / All) guardian0fLight: rod serlring, creator of twilight zone
(110:44 / All) guardian0fLight: u know jack and capone
(110:55 / All) guardian0fLight: if u guys time it right u can make the 2 towers kill each other off at same time
(111:06 / All) guardian0fLight: u can perhaps find some amusement there
(111:33 / All) CptCapone: orng
(111:45 / All) Vali: orng?
(111:59 / All) CptCapone: ur gona try to wait us out?
(112:04 / All) CptCapone: thats hardcore bro
(112:29 / All) Vali: yes
(112:37 / All) CptCapone: ur a slow typer
(112:48 / All) Vali: I'm alt tabbed and not bleeding my eyes staring at the game you sick fuck
(113:03 / All) CptCapone: ahhh
(113:10 / All) CptCapone: how long u gona wait
(113:11 / All) guardian0fLight: pink ur record is 10-18 why are you insisting on battleing orange
(113:24 / All) Vali: As long as it takes
(113:36 / All) CptCapone: until tomoro?
(113:46 / All) guardian0fLight: y tho,
(113:49 / All) guardian0fLight: is it a matter of pride
(114:02 / All) Vali: You're quitting tomorrow?
(114:05 / All) Vali: If so then yes
(114:06 / All) guardian0fLight: me and orange know very well 1_eye_jack has pride
(114:09 / All) Vali: If not it could be weeks
(114:26 / All) CptCapone: yall need a life
(114:31 / All) Vali: Stop talking in allied bitch
(114:34 / All) Vali: I'll see his side after
(114:37 / All) Vali: YES
(114:39 / All) Vali: 2 DOWN!
(114:41 / All) Vali: WOOOOOOO!
(114:43 / All) Vali: WOOOOOOOOOO!
(114:48 / All) guardian0fLight: now our main opponent
(114:52 / All) guardian0fLight: jack
(115:15 / All) Vali: I'm pumped, can't wait for this bitch to leave
(118:36 / All) Vali: It's 1v1 time Jack
(118:49 / All) Vali: Off goes the Flamechampion
(119:04 / All) guardian0fLight: good luck jack lol
(119:17 / All) Vali: He needs it against the most illustrious curator of the Twilight Zone
(119:48 / All) Vali: the sad thing about standoffs is for what it takes for 1 win, you could have had a lot more in that time
(167:16 / All) Vali: Give up bitch
(246:03 / All) Vali: We need to remember to put you in standoffs, jesus christ this is long too bad I'm in it
(541:48 / All) Vali: HURRY UP AND LEAVE HOLY FUCK
(1178:14 / All) 1_Eye_jack: D
(1178:15 / All) 1_Eye_jack: D
(1178:15 / All) 1_Eye_jack: D
(1178:16 / All) 1_Eye_jack: D
(1178:16 / All) 1_Eye_jack: D
(1178:16 / All) 1_Eye_jack: D
(1178:17 / All) 1_Eye_jack: D
(1178:17 / All) 1_Eye_jack: D
(1178:18 / All) 1_Eye_jack: D
(1178:18 / All) 1_Eye_jack: D
(1178:19 / All) 1_Eye_jack: D
(1178:19 / All) 1_Eye_jack: D
(1178:20 / All) 1_Eye_jack: D
(1178:21 / All) 1_Eye_jack: D
(1178:21 / All) 1_Eye_jack: D
(1178:21 / All) 1_Eye_jack: D
(1178:22 / All) 1_Eye_jack: D
(1178:22 / All) 1_Eye_jack: D
(1178:22 / All) 1_Eye_jack: D
(1178:23 / All) 1_Eye_jack: D
(1178:23 / All) 1_Eye_jack: D
(1178:23 / All) 1_Eye_jack: D
(1178:24 / All) 1_Eye_jack: D
(1178:24 / All) 1_Eye_jack: D
(1178:25 / All) 1_Eye_jack: D